 Dungeon Crawl Stone Soup version 0.29-a0-1052-g6990b1bffc (webtiles) character file.

Game seed: 7390025107136975213

1080 ragingrage the Cleaver (level 8, -4/57 HPs)
             Began as a Minotaur Delver on Aug 17, 2022.
             Slain by an orc warrior
             ... wielding a +0 war axe
              (7 damage)
             ... on level 6 of the Dungeon.
             The game lasted 00:06:03 (6243 turns).

ragingrage the Cleaver (Minotaur Delver)            Turns: 6243, Time: 00:06:03

Health: -4/57      AC:  4    Str: 25    XL:     8   Next: 8%
Magic:  7/7        EV: 12    Int:  6    God:
Gold:   345        SH:  0    Dex: 15    Spells: 7/7 levels left

rFire   . . .      SeeInvis .   a - +2 dagger (venom)
rCold   . . .      Faith    .   (no shield)
rNeg    . . .      Spirit   .   w - +0 leather armour
rPois   .          Reflect  .   (helmet restricted)
rElec   .          Harm     .   (no cloak)
rCorr   .          Rampage  .   D - +0 pair of gloves
Will    .....                   (no boots)
Stlth   ++........              (no amulet)
HPRegen 0.19/turn               o - +6 ring of strength
MPRegen 0.10/turn               (no ring)

@: brilliant
A: horns 2, retaliatory headbutt, agile 1, frail 1
a: no special abilities


You were on level 6 of the Dungeon.
You visited 1 branch of the dungeon, and saw 6 of its levels.

You collected 345 gold pieces.

Inventory:

Hand Weapons
 a - a +2 dagger of venom (weapon)
 b - a +2 dagger of electrocution
 j - a +0 hand axe
 m - a +0 whip of electrocution
Missiles
 p - 3 poisoned darts (quivered)
 x - 3 silver boomerangs
 z - 5 curare-tipped darts
 A - 6 boomerangs
Armour
 w - a +0 leather armour (worn)
 D - a +0 pair of gloves (worn)
Jewellery
 o - a +6 ring of strength (left hand)
Wands
 g - a wand of digging (3)
 q - a wand of iceblast (8)
 y - a wand of flame (19)
 B - a wand of polymorph (8)
Scrolls
 c - a scroll of fog
 d - 3 scrolls of magic mapping
 e - 3 scrolls of fear
 h - 3 scrolls of enchant armour {unknown}
 k - 6 scrolls of identify {unknown}
 n - 3 scrolls of teleportation {unknown}
 r - 2 scrolls of butterflies {unknown}
 t - a scroll of poison {unknown}
 v - 2 scrolls of immolation {unknown}
 C - a scroll of silence {unknown}
Potions
 f - a potion of haste
 i - a potion of invisibility {unknown}
 l - a potion of might
 u - 3 potions of brilliance
 E - a potion of resistance {unknown}
 F - a potion of flight {unknown}


   Skills:
 - Level 3.6 Fighting
 + Level 11.5 Axes
 - Level 2.1 Dodging
 - Level 4.1 Stealth


You had 7 spell levels left.
You didn't know any spells.
Your spell library contained the following spells:

 Spells                   Type           Power      Damage    Failure   Level
 Magic Dart               Conj           0%         1d3       50%         1
 Necrotise                Necr           0%         1d4       50%         1
 Searing Ray              Conj           0%         2d4       65%         2
 Dazzling Flash           Conj/Hex       0%         N/A       86%         3
 Gell's Gravitas          Tloc           0%         N/A       86%         3
 Ozocubu's Armour         Ice            0%         N/A       86%         3
 Teleport Other           Tloc           0%         N/A       86%         3
 Vampiric Draining        Necr           0%         2d6       86%         3
 Fulminant Prism          Conj/Hex       0%         3d6       99%         4
 Agony                    Necr           0%         N/A       100%        5
 Freezing Cloud           Conj/Ice/Air   0%         6-21      100%        5
 Silence                  Hex/Air        0%         N/A       100%        5
 Dispersal                Tloc           0%         N/A       100%        6
 Simulacrum               Ice/Necr       0%         N/A       100%        6
 Ozocubu's Refrigeration  Ice            0%         4d7       100%        7
 Polar Vortex             Ice            0%         N/A       100%        9


Dungeon Overview and Level Annotations

Branches:
Dungeon (6/15)
 Temple: D:4-7

Altars:
Dithmenos
Gozag
Kikubaaqudgha
Trog
Uskayaw
Wu Jian

Annotations:
D:5 2 runed translucent doors, slphil's ghost, novice GnWr


Innate Abilities, Weirdness & Mutations

You have a pair of horns on your head.
You reflexively headbutt those who attack you in melee.
You are agile. (Dex +4, Str/Int -1)
You are frail. (-10% HP)


Message History

No target in view!
No target in view!
No target in view!
No target in view!
No target in view!
q - a wand of iceblast (8)
You now have 345 gold pieces (gained 13).
Things that are here:
4 stones; a kobold corpse An orc warrior comes into view.
It is wielding a +0 war axe.
An orc warrior is nearby!
You throw a poisoned dart. The poisoned dart hits the orc warrior.
The orc warrior is poisoned.
The orc warrior shouts!
You hear a shout! x2
An orc comes into view. It is wielding a +0 mace.
You barely miss the orc warrior.
The orc warrior is lightly wounded.
The orc warrior hits you with a +0 war axe!
You hit the orc warrior but do no damage.
The orc warrior looks even sicker.
The orc warrior is lightly wounded.
The orc warrior hits you with a +0 war axe!!
You closely miss the orc warrior.
You punch the orc warrior, but do no damage.
The orc warrior is lightly wounded.
The orc warrior barely misses you.
An orc priest comes into view. It is wielding a +0 quarterstaff.
You barely miss the orc warrior.
The orc warrior is moderately wounded.
The orc warrior hits you with a +0 war axe!
* * * LOW HITPOINT WARNING * * *
It was a potion of brilliance.
You feel clever all of a sudden.
The orc warrior hits you with a +0 war axe!
* * * LOW HITPOINT WARNING * * *
Unknown command.
It was a potion of mutation.
You feel extremely strange.
You feel frail.
You feel agile.
The orc warrior hits you with a +0 war axe!
You die...

#......... #.# #.# #.####.###
#.# #.##### #.####.#######.#
#...... .#.####..)...........#
####### .....>...###.#########
.#...........###
#######(###...# ############
........# ###.### #......(....
######..####..@o####.##.#(###.#
................o..............
...............................
~~.~.~~~~....~.~~~~o...~~~~~~.~
~~~~~~~~~....~~≈~~≈~~~~~~~~≈~~~
≈≈≈≈≈≈≈~~.....~≈≈≈≈≈≈≈≈~≈≈≈≈≈≈≈
≈≈≈≈≈≈≈≈~....~~≈≈≈≈≈≈≈≈≈≈≈≈≈≈≈≈
##########''###################
....


You could see an orc warrior (very poisoned), an orc priest (wandering) and an
orc.

Vanquished Creatures
  A black bear (D:5)
  An ice beast (D:5)
  A sky beast (D:6)
  2 ogres
  A scorpion (D:5)
  A bullfrog (D:5)
  An electric eel (D:6)
  A hound (D:3)
  2 orc priests
  3 iguanas
  2 orc wizards
  5 adders
  4 gnolls
  2 white imps (D:5)
  2 ufetubi
  2 worms (D:2)
  A dart slug (D:1)
  19 orcs
  10 endoplasms
  9 giant cockroaches
  16 goblins
  4 hobgoblins
  2 quokkas (D:1)
  8 ball pythons
  7 bats
  2 frilled lizards (D:1)
  11 kobolds
  11 rats
131 creatures vanquished.

Notes
Turn   | Place    | Note
-------+----------+-------------------------------------------
     0 | D:5      | ragingrage the Minotaur Delver began the quest for the Orb.
     0 | D:5      | Reached XP level 1. HP: 19/19 MP: 0/0
    20 | D:5      | Noticed an ice beast
    44 | D:4      | Noticed an orc priest
    55 | D:5      | Reached skill level 3 in Axes
   123 | D:5      | Killed an orc priest
   124 | D:5      | Reached skill level 4 in Axes
   124 | D:5      | Reached XP level 2. HP: 24/26 MP: 1/1
   124 | D:5      | Reached XP level 3. HP: 28/31 MP: 2/2
   435 | D:3      | Reached skill level 5 in Axes
   817 | D:1      | Reached XP level 4. HP: 38/39 MP: 3/3
   981 | D:1      | Found a faded altar of an unknown god.
  1554 | D:2      | Found a hide-covered altar of Uskayaw.
  1696 | D:2      | Reached skill level 6 in Axes
  2185 | D:3      | Found a bloodstained altar of Trog.
  2323 | D:3      | Found an ornate altar of the Wu Jian Council.
  2367 | D:3      | Found a shadowy altar of Dithmenos.
  2373 | D:3      | Reached XP level 5. HP: 45/45 MP: 4/4
  2657 | D:3      | Noticed an ogre
  2676 | D:3      | Killed an ogre
  2677 | D:3      | Reached skill level 7 in Axes
  2678 | D:3      | HP: 2/45 [poisoned by a goblin]
  2682 | D:3      | Reached XP level 6. HP: 15/51 MP: 5/5
  2963 | D:3      | Found an opulent altar of Gozag.
  3064 | D:3      | Reached skill level 8 in Axes
  4250 | D:5      | Killed an ice beast
  4251 | D:5      | Reached skill level 9 in Axes
  4251 | D:5      | Reached XP level 7. HP: 32/57 MP: 6/6
  4745 | D:5      | Reached skill level 10 in Axes
  5150 | D:5      | Found a large runed translucent door.
  5151 | D:5      | Found a large runed translucent door.
  5159 | D:5      | Noticed slphil's ghost (novice GnWr)
  5549 | D:6      | Reached skill level 11 in Axes
  5995 | D:6      | Found an ancient bone altar of Kikubaaqudgha.
  6047 | D:6      | Reached XP level 8. HP: 37/64 MP: 7/7
  6242 | D:6      | HP: 2/64 [orc warrior/+0 war axe (14)]
  6243 | D:6      | Gained mutation: You are frail. (-10% HP) [potion of
                  | mutation]
  6243 | D:6      | Gained mutation: You are agile. (Dex +4, Str/Int -1)
                  | [potion of mutation]
  6243 | D:6      | Slain by an orc warrior

Illustrated notes

Levels and vault maps discovered:
D:1:      onia_arrival_handbag, layout_loops_ring,
          shapermc_ecumenical_altar_starsandcircs
D:2:      layout_basic, basic_altar, minmay_guardbox
D:3:      layout_loops_ring, nzn_wu_jian_council_hall,
          mainiacjoe_overflow_swirl, nicolae_dithmenos_through_a_glass_darkly,
          minmay_ogre_servants
D:4:      layout_rooms
D:5:      layout_rooms, ebering_ghost_disaster_area
D:6:      minmay_goblin_kobold_castle, layout_loops_ring,
          nicolae_overflow_hidden_temple, mainiacjoe_overflow_boulevard,
          uniq_duvessa, uniq_grinder

Skill      XL: |  1  2  3  4  5  6  7 |
---------------+----------------------+-----
Axes           | 4 5 6 7 9 11 | 11.5
Fighting       | |  3.6
Dodging        | |  2.1
Stealth        | |  4.1

Action                   |  1- 3 |  4- 6 |  7- 9 || total
-------------------------+-------+-------+-------++-------
Melee: Hand axe          |    23 |       |       ||    23
       Headbutt          |     7 |    22 |    13 ||    42
       Whip              |    28 |    87 |       ||   115
       Dagger            |       |    84 |    95 ||   179
       Punch             |       |       |     1 ||     1
Throw: Dart              |       |       |     3 ||     3
  Use: Potion            |       |     3 |     4 ||     7
 Stab: Sleeping          |     6 |     9 |       ||    15
Armor: Leather armour    |     9 |    22 |    23 ||    54
Dodge: Dodged            |    20 |    83 |    65 ||   168

Table legend: (Time is in decaauts)
 A = Elapsed time spent in this place.
 B = Non-inter-level travel time spent in this place.
 C = Inter-level travel time spent in this place.
 D = Time resting spent in this place.
 E = Time spent auto-exploring this place.
 F = Levels seen in this place.
 G = Mean time per level.
                   A        B        C        D        E       F      G
               +--------+--------+--------+--------+--------+-----+--------+
         Total |   6235 |   6096 |    139 |   1560 |   3626 |   6 | 1039.2 |
       Dungeon |   6235 |   6096 |    139 |   1560 |   3626 |   6 | 1039.2 |
               +--------+--------+--------+--------+--------+-----+--------+

Top non-repeatable levels by time:
     D:3: 1724 daAuts
     D:5: 1203 daAuts
     D:6: 992 daAuts
     D:2: 806 daAuts
     D:1: 770 daAuts
     D:4: 736 daAuts
